 Dungeon Crawl Stone Soup version 0.24-a0-584-g9d6b971ae4 (webtiles) character file.

Game seed: 5663666665416775621, levelgen mode: deterministic

143 Leibowitz the Stinger (level 4, -2/33 HPs)
             Began as a Demigod Venom Mage on Sept 6, 2019.
             Slain by an orc priest
             ... wielding a +1 hand axe of electrocution
              (16 damage)
             ... on level 4 of the Dungeon.
             The game lasted 00:13:50 (2788 turns).

Leibowitz the Stinger (Demigod Venom Mage)          Turns: 2788, Time: 00:13:51

Health: -2/33      AC:  3    Str: 10 (11) XL:     4   Next: 76%
Magic:  3/11       EV: 13    Int: 23 (25) God:
Gold:   103        SH:  0    Dex: 19      Spells: 2/8 levels left

rFire    . . .     SeeInvis .   k - +0 dagger
rCold    . . .     Gourm    .   (no shield)
rNeg     . . .     Faith    .   a - +0 robe
rPois    .         Spirit   .   (no helmet)
rElec    .         Reflect  .   e - +0 cloak
rCorr    .         Harm     .   (no gloves)
MR       .....                  (no boots)
Stlth    ++........             (no amulet)
HPRegen  0.11/turn              d - +4 ring of intelligence
MPRegen  0.12/turn              o - +3 ring of dexterity

@: no status effects
A: high mp 1
a: no special abilities


You were on level 4 of the Dungeon.
You were not hungry.

You visited 1 branch of the dungeon, and saw 4 of its levels.

You collected 103 gold pieces.

Inventory:

Hand Weapons
 k - a +0 dagger (weapon)
Armour
 a - a +0 robe (worn)
 e - a +0 cloak (worn)
Jewellery
 d - a +4 ring of intelligence (left hand)
 o - a +3 ring of dexterity (right hand)
Scrolls
 b - a scroll of immolation
 g - a scroll of remove curse
 i - a scroll of blinking {unknown}
 l - 2 scrolls of identify {unknown}
 n - a scroll of enchant weapon {unknown}
Potions
 h - 3 potions of curing
Comestibles
 c - 3 rations


   Skills:
 + Level 0.3 Short Blades
 * Level 2.4 Dodging
 - Level 1.7 Stealth
 + Level 0.1 Unarmed Combat
 * Level 2.9 Spellcasting
 + Level 1.5 Conjurations
 * Level 3.7 Poison Magic


You had 2 spell levels left.
You knew the following spells:

 Your Spells              Type           Power        Failure   Level  Hunger
a - Sting                 Conj/Pois      ###.         4%          1    None
b - Poisonous Vapours     Pois/Air       ##....       8%          2    ##.....
c - Mephitic Cloud        Conj/Pois/Air  ##......     17%         3    ###....

Your spell library contained the following spells:

 Spells                   Type           Power        Failure   Level  Hunger
 Olgreb's Toxic Radiance  Pois           ###.....     24%         4    ####...
 Venom Bolt               Conj/Pois      ###.......   73%         5    ######.


Dungeon Overview and Level Annotations

Branches:
Dungeon (4/15)
 Temple: D:4-7


Innate Abilities, Weirdness & Mutations

You have an increased reservoir of magic. (+10% MP)


Message History

The orc is severely wounded.
You hear an angry hiss.
The orc priest is engulfed in noxious fumes.
The orc priest appears confused.
The orc is engulfed in noxious fumes.
The orc appears confused.
You kill the orc!
You hit the orc priest but do no damage.
The orc priest is engulfed in noxious fumes.
The orc priest appears confused.
The orc priest barely misses you.
You hit the orc priest but do no damage.
The orc priest is lightly wounded.
The orc priest is engulfed in noxious fumes.
The orc priest appears confused.
A scorpion comes into view.
The adder hisses angrily.
The orc shouts!
The orc priest is engulfed in noxious fumes.
The orc priest appears confused.
The orc priest hits you with a +1 hand axe of electrocution.
You are electrocuted!
You die...

...
.#..
#..
...
#.#
..#
#.. oo
#.#
#s##.#
#..#.#
#S#.#
#o@$#
##○.#
#○○#
#..#
#†.#
#..#
##.##
#...#
#<..#


You could see a scorpion, an orc priest (confused), an adder and 2 orcs.

Vanquished Creatures
  An orc wizard (D:4)
  4 gnolls (D:2)
  An adder (D:3)
  3 oozes
  2 dart slugs
  A leopard gecko (D:4)
  2 orcs
  5 giant cockroaches
  4 goblins
  7 hobgoblins
  2 ball pythons
  5 bats
  2 frilled lizards
  6 kobolds
  3 rats
48 creatures vanquished.

Notes
Turn   | Place    | Note
-------+----------+-------------------------------------------
     0 | D:1      | Leibowitz the Demigod Venom Mage began the quest for the
                  | Orb.
     0 | D:1      | Reached XP level 1. HP: 14/14 MP: 5/5
   196 | D:1      | Reached skill level 3 in Poison Magic
   447 | D:1      | Reached XP level 2. HP: 20/20 MP: 4/7
   840 | D:2      | Found a stormy altar of Qazlal.
   898 | D:2      | Reached skill level 1 in Conjurations
   928 | D:2      | Reached XP level 3. HP: 26/26 MP: 2/8
   932 | D:2      | Learned a level 2 spell: Poisonous Vapours
  1989 | D:2      | Reached XP level 4. HP: 33/33 MP: 5/10
  1994 | D:2      | Learned a level 3 spell: Mephitic Cloud
  2245 | D:3      | Found a shimmering altar of Xom.
  2788 | D:4      | Slain by an orc priest

Levels and vault maps discovered:
D:1:      minmay_arrival_stone_box, layout_basic, lemuel_another_geyser
D:2:      layout_basic, nicolae_overflow_crystal_walls, minmay_curled_crystal,
          minmay_misc_feat_tiny
D:3:      layout_loops_cross, led_xom_imps, first_ration,
          chequers_ecumenical_altar_lobes
D:4:      layout_basic, minmay_temple_entry_antechambers, uniq_eustachio

Skill      XL: |  1  2 |
---------------+-------+-----
Poison Magic   | 3 |  3.7
Dodging        | 2 |  2.4
Conjurations   | 1 |  1.5
Spellcasting   | 2 |  2.9
Short Blades   | |  0.3
Stealth        | |  1.7
Unarmed Combat | |  0.1

Action                   |  1- 3 |  4- 6 || total
-------------------------+-------+-------++-------
Melee: Unarmed           |     6 |       ||     6
       Dagger            |    37 |    39 ||    76
 Cast: Sting             |    59 |    16 ||    75
       Poisonous Vapours |     6 |     1 ||     7
       Mephitic Cloud    |       |     4 ||     4
  Use: Potion            |       |     5 ||     5
       Scroll            |       |     4 ||     4
 Stab: Confused          |       |     2 ||     2
       Sleeping          |       |     1 ||     1
  Eat: Ration            |     1 |     1 ||     2
       Chunk             |     1 |       ||     1
Armor: Robe              |     7 |     5 ||    12
Dodge: Dodged            |    48 |    27 ||    75

Table legend:
 A = Non-vault XP
 B = Vault XP
 C = Vault XP percentage of total XP
 D = Non-vault monster count
 E = Vault monster count
 F = Vault count percentage of total count
                 A         B        C        D         E       F
            +---------+---------+-------+---------+---------+-------
      Total |     205 |       0 |   0.0 |      48 |       0 |   0.0
            +---------+---------+-------+---------+---------+-------
        D:1 |      21 |       0 |   0.0 |      12 |       0 |   0.0
        D:2 |      96 |       0 |   0.0 |      21 |       0 |   0.0
        D:3 |      31 |       0 |   0.0 |      10 |       0 |   0.0
        D:4 |      57 |       0 |   0.0 |       5 |       0 |   0.0
            +---------+---------+-------+---------+---------+-------
